 Dungeon Crawl Stone Soup version 0.28-a0-401-ge240ad9e29 (webtiles) character file.

Game seed: 5300725701627501396

1927 heikuro the Slasher (level 9, 0/69 HPs)
             Began as a Formicid Abyssal Knight on Sept 5, 2021.
             Was a Priest of Lugonu.
             Slain by an orc (2 damage)
             ... in a bailey.
             The game lasted 00:17:19 (8256 turns).

heikuro the Slasher (Formicid Abyssal Knight)       Turns: 8256, Time: 00:17:19

Health: 0/69       AC: 18    Str: 21    XL:     9   Next: 40%
Magic:  0/13       EV:  8    Int: 11    God:    Lugonu [***...]
Gold:   307        SH:  4    Dex: 10    Spells: 8/8 levels left

rFire   + . .      SeeInvis +   v - +2 short sword (venom)
rCold   . . .      Faith    .   s - +0 buckler
rNeg    . . .      Spirit   +   k - +1 chain mail {rF+}
rPois   .          Reflect  .   (helmet unavailable)
rElec   .          Harm     .   r - +1 cloak
rCorr   .          Rampage  .   (no gloves)
Will    .....                   h - +0 pair of boots
Stlth   ..........              l - amulet of guardian spirit
HPRegen 0.21/turn               A - +4 ring of protection
MPRegen 0.13/turn               (no ring)

@: invisible
A: permanent stasis, dig shafts and tunnels, antennae 3, four strong arms
a: Dig, Renounce Religion, Depart the Abyss, Bend Space, Banish


You were in a bailey.
You worshipped Lugonu.
Lugonu was most pleased with you.
You visited 2 branches of the dungeon, and saw 9 of its levels.
You visited the Abyss 1 time.
You also visited: Bailey.

You collected 307 gold pieces.

Inventory:

Hand Weapons
 a - a +1 falchion
 b - a +1 hunting sling
 v - a +2 short sword of venom (weapon)
 D - the +6 rapier "Usoe" {speed, Will+}
   (You found it on level 7 of the Dungeon)

   Attacks with this weapon are significantly faster.
   Will:      It increases your willpower.
Missiles
 p - 19 sling bullets
Armour
 h - a +0 pair of boots (worn)
 k - a +1 chain mail of fire resistance (worn)
 r - a +1 cloak (worn)
 s - a +0 buckler (worn)
Jewellery
 l - an amulet of guardian spirit (around neck)
 A - a +4 ring of protection (left hand)
Wands
 B - a wand of polymorph (11)
 C - a wand of flame (19)
Scrolls
 i - a scroll of enchant weapon
 q - a scroll of noise
 w - a scroll of immolation {unknown}
 y - a scroll of acquirement {unknown}
Potions
 c - 8 potions of curing
 d - a potion of invisibility
 f - a potion of mutation {unknown}
 g - a potion of degeneration {unknown}
 n - 3 potions of might
 t - 2 potions of flight
 u - a potion of berserk rage {unknown}
 x - a potion of lignification {unknown}


   Skills:
 + Level 6.1 Fighting
 * Level 7.0 Long Blades
 + Level 4.2 Slings
 + Level 5.5 Armour
 - Level 1.0 Dodging
 - Level 2.4 Shields
 + Level 6.0 Invocations


You had 8 spell levels left.
You didn't know any spells.
Your spell library contained the following spells:

 Spells                   Type           Power      Damage    Failure   Level
 Magic Dart               Conj           0%         1d3       96%         1
 Call Imp                 Summ           0%         N/A       99%         2
 Ignite Poison            Fire/Tmut/Pois 0%         N/A       100%        3
 Mephitic Cloud           Conj/Pois/Air  0%         N/A       100%        3
 Summon Ice Beast         Ice/Summ       0%         N/A       100%        4
 Freezing Cloud           Conj/Ice/Air   0%         6-21      100%        5
 Summon Mana Viper        Hex/Summ       0%         N/A       100%        5
 Monstrous Menagerie      Summ           0%         N/A       100%        7


Dungeon Overview and Level Annotations

Branches:
Dungeon (8/15)             Temple (1/1) D:6          Bailey (1/1)
   Lair: D:8-11

Altars:
Ashenzari
Cheibriados
Dithmenos
Fedhas
Gozag
Hepliaklqana
Kikubaaqudgha
Makhleb
Nemelex Xobeh
Okawaru
Qazlal
Ru
Sif Muna
Trog
Uskayaw
Vehumet
Wu Jian
Xom
Yredelemnul
Zin
The Shining One

Annotations:
D:6 exclusion: oklob plant


Innate Abilities, Weirdness & Mutations

You cannot be hasted, slowed, berserked, paralysed or teleported.
You can dig through walls and to a lower floor.
You have a pair of large antennae on your head. (SInv)
Your four strong arms can wield two-handed weapons with a shield.


Message History

Lugonu accepts your kill. Space bends sharply around you!
The orc warrior blinks!
You blink.
The orc hits you but does no damage. x2; The orc barely misses you.
The orc hits you with a +0 halberd.
* * * LOW HITPOINT WARNING * * *
Space bends sharply around you!
You blink.
The orc completely misses you. You block the orc's attack. The orc misses you.
You don't have enough magic at the moment.
The orc hits you but does no damage. You block the orc warrior's attack.
The orc barely misses you. The orc hits you but does no damage.
The orc hits you but does no damage.
The orc warrior hits you but does no damage.
The orc barely misses you.
The orc hits you from afar with a +0 halberd.
* * * LOW HITPOINT WARNING * * *
The orc warrior hits you with a +0 hand axe!
* * * LOW HITPOINT WARNING * * *
The orc barely misses you.
You extend your mandibles.
You can't dig through that.
Space bends around you!
You blink.
The orc warrior looks more healthy.
The orc hits you but does no damage.
The orc warrior hits you but does no damage.
The orc closely misses you. The orc barely misses you.
The orc hits you but does no damage. x2
The orc hits you but does no damage. The orc barely misses you.
You block the orc's attack. The orc hits you but does no damage.
The orc closely misses you.
Things that are here:
a +0 trident; a +0 ring mail The orc hits you from afar with a +0 halberd.
* * * LOW HITPOINT WARNING * * *
Okay, then.
The orc hits you but does no damage. The orc barely misses you.
The orc closely misses you.
There is a gate leading back out of this place here.
You fade into invisibility!
The orc closely misses you.
The orc hits you from afar with a +0 spear.
You die...

#.......#
#.......#
#.......#
#.......#
#.......#
#...oooo#
#..o.ooo#
#....o..#
#∩....o@#
#.....).#
##..∩..##
#######


You could see 3 orc warriors and 7 orcs.

Vanquished Creatures
  A wyvern (D:8)
  A steam dragon (D:7)
  An orc warrior (D:6)
  Duvessa (D:7)
  An ogre (D:4)
  2 phantoms
  Blork the orc (D:6)
  A bullfrog (D:7)
  A scorpion (D:5)
  A water moccasin zombie (D:5)
  Dowan (D:7)
  2 water moccasin skeletons
  A bullfrog zombie (D:6)
  4 hounds
  A bullfrog skeleton (D:6)
  4 orc priests
  4 iguanas
  6 orc wizards
  2 killer bee zombies (D:7)
  2 hound skeletons (D:4)
  7 gnolls
  5 adders
  An adder skeleton (D:5)
  A dart slug (D:3)
  30 orcs
  A giant cockroach (D:2)
  2 goblins
  11 hobgoblins
  6 kobolds
  3 quokkas
  5 ball pythons
  2 bats
  3 frilled lizards
  4 rats
119 creatures vanquished.

Notes
Turn   | Place    | Note
-------+----------+-------------------------------------------
     0 | Abyss:1  | heikuro the Formicid Abyssal Knight began the quest for the
                  | Orb.
     0 | Abyss:1  | Reached XP level 1. HP: 18/18 MP: 2/2
    59 | Abyss:1  | Noticed a large abomination
    61 | D:1      | Escaped the Abyss
   306 | D:1      | Reached skill level 1 in Dodging
   484 | D:1      | Reached XP level 2. HP: 24/24 MP: 3/3
   487 | D:1      | Reached * piety under Lugonu
  1204 | D:2      | Reached XP level 3. HP: 21/29 MP: 4/4
  1788 | D:3      | Reached skill level 3 in Long Blades
  1788 | D:3      | Reached XP level 4. HP: 31/37 MP: 6/6
  2197 | D:4      | Noticed an ogre
  2222 | D:4      | Noticed a phantom
  2245 | D:3      | Killed a phantom
  2246 | D:3      | Reached XP level 5. HP: 15/42 MP: 4/7
  2494 | D:4      | Reached ** piety under Lugonu
  2612 | D:4      | Reached XP level 6. HP: 48/48 MP: 8/8
  2843 | D:4      | Found a shadowy altar of Dithmenos.
  2934 | D:4      | Killed an ogre
  2935 | D:4      | Reached skill level 4 in Long Blades
  2935 | D:4      | Reached skill level 1 in Shields
  3100 | D:4      | Reached skill level 1 in Slings
  3100 | D:4      | Reached XP level 7. HP: 34/55 MP: 6/9
  3530 | D:5      | Entered Level 5 of the Dungeon
  4491 | D:5      | Found a bloodstained altar of Trog.
  4571 | D:5      | Reached skill level 5 in Long Blades
  4725 | D:5      | Reached XP level 8. HP: 61/61 MP: 11/11
  4826 | D:5      | Found a sacrificial altar of Ru.
  4826 | D:5      | Found a snail-covered altar of Cheibriados.
  4943 | D:6      | Reached skill level 5 in Fighting
  5258 | D:6      | Noticed Blork the orc
  5272 | D:6      | Killed Blork the orc
  5339 | D:6      | Found a staircase to the Ecumenical Temple.
  5345 | Temple   | Entered the Ecumenical Temple
  5471 | D:6      | Reached skill level 5 in Invocations
  5506 | D:7      | HP: 1/62 [iguana (8)]
  5928 | D:6      | Found a blossoming altar of Fedhas.
  5949 | D:6      | Noticed an oklob plant
  6213 | D:6      | Reached skill level 6 in Long Blades
  6762 | D:6      | Reached skill level 5 in Armour
  6932 | D:7      | Noticed Duvessa
  6937 | D:7      | Noticed Dowan
  6948 | D:7      | Killed Duvessa
  6949 | D:7      | Reached XP level 9. HP: 60/69 MP: 11/13
  6958 | D:7      | Killed Dowan
  7161 | D:7      | Reached *** piety under Lugonu
  7569 | D:7      | Identified the +6 rapier "Usoe" {speed, Will+}
  7784 | D:7      | Identified the +7 spear of Lust {drain, *Rage MP+9 Stlth+}
  7806 | D:7      | Found an iron altar of Okawaru.
  8021 | D:8      | Reached skill level 7 in Long Blades
  8045 | D:8      | Found a flagged portal.
  8062 | Bailey   | Entered a bailey
  8253 | Bailey   | HP: 2/69 [orc (4)]
  8256 | Bailey   | Slain by an orc

Illustrated notes

Levels and vault maps discovered:
D:1:      dpeg_arrival_lava_altar, layout_basic
D:2:      layout_loops_cross
D:3:      layout_rooms
D:4:      layout_cave_pools, lemuel_doored_altar, nrook_mini_vaults
D:5:      layout_cave_pools, mainiacjoe_overflow_brackets,
          gammafunk_temple_overflow_wave
D:6:      layout_basic, tgw_fedhas, minmay_temple_entry_hall, uniq_blork_the_orc
D:7:      layout_basic, mainiacjoe_overflow_alcove_4, uniq_duvessa
D:8:      layout_rooms, lemuel_tele_altar, enter_bailey_5
Temple:   nicolae_temple_no_exploring_needed
Bailey:   bailey_polearm_5, bailey

Skill      XL: |  1  2  3  4  5  6  7  8  9 |
---------------+----------------------------+-----
Dodging        | 1 |  1.0
Long Blades    | 3 4 5 6 7 |  7.0
Invocations    | 3 4 5 6 |  6.0
Fighting       | 4 5 6 |  6.1
Armour         | 3 4 5 |  5.5
Shields        | 1 2 |  2.4
Slings         | 1 2 3 4 |  4.2

Action                   |  1- 3 |  4- 6 |  7- 9 || total
-------------------------+-------+-------+-------++-------
Melee: Falchion          |   107 |   130 |   122 ||   359
       Short sword       |       |       |   200 ||   200
       Rapier            |       |       |    11 ||    11
 Fire: Hunting sling     |       |    17 |    48 ||    65
Invok: Depart the Abyss  |     1 |       |       ||     1
       Bend Space        |       |     5 |    19 ||    24
 Abil: Dig               |       |       |     4 ||     4
  Use: Scroll            |     2 |       |     9 ||    11
       Potion            |       |       |     1 ||     1
Armor: Scale mail        |    57 |       |       ||    57
       Leather armour    |     1 |       |       ||     1
       Chain mail        |       |    86 |   227 ||   313
Dodge: Dodged            |    59 |    46 |   144 ||   249
Block: Buckler           |       |       |    68 ||    68

Table legend: (Time is in decaauts)
 A = Elapsed time spent in this place.
 B = Non-inter-level travel time spent in this place.
 C = Inter-level travel time spent in this place.
 D = Time resting spent in this place.
 E = Time spent auto-exploring this place.
 F = Levels seen in this place.
 G = Mean time per level.
                   A        B        C        D        E       F      G
               +--------+--------+--------+--------+--------+-----+--------+
         Total |   8288 |   7943 |    345 |   2072 |   3840 |  11 |  753.5 |
       Dungeon |   8030 |   7685 |    345 |   1911 |   3840 |   8 | 1003.8 |
        Temple |      1 |      1 |      0 |      0 |      0 |   1 |    1.0 |
         Abyss |     63 |     63 |      0 |      0 |      0 |   1 |   63.0 |
        Bailey |    192 |    192 |      0 |    161 |      0 |   1 |  192.0 |
               +--------+--------+--------+--------+--------+-----+--------+

Top non-repeatable levels by time:
     D:7: 1632 daAuts
     D:6: 1455 daAuts
     D:5: 1265 daAuts
     D:4: 1154 daAuts
     D:2: 829 daAuts
     D:1: 824 daAuts
     D:3: 812 daAuts
  Bailey: 192 daAuts
 Abyss:1: 63 daAuts
     D:8: 58 daAuts
  Temple: 1 daAuts
